AoeStats
← Ypsilon

Arabia

509179127Analyzed
4v4 RM · 7d ago on Sep 25, 2026· 78m 16s· 8 players
Game mode
Random Map
Map size
Large (8 player)
Population
200
Speed
Normal
Resources
Standard
Victory
Conquest
Starting age
Dark Age
Ending age
Imperial Age
RankedLock teamsTeams togetherTeam positionsShared explorationLock speedFull tech treeHidden civsTurbo modeCheats
Victory
Defeat
🇫🇷 Bulgarians · France
1275
+15
🇫🇷 Saxons · France
1258
+15
🇫🇷 Varangians · France
1255
+15
🇫🇷 Ethiopians · France
1195
+18
🇦🇺 Franks · Australia
1274
-17
🇧🇷 Ethiopians · Brazil
1244
-16
🇨🇳 Varangians · China
1226
-15
🇺🇸 Bengalis · United States
1216
-15
petey_hs
4:29 Loom
9:53 Feudal Age
20:21 Castle Age
18:23 Double-Bit Axe
19:54 Horse Collar
21:03 Fletching
20:40 Crossbowman
22:05 Padded Archer Armor
21:59 Gold Mining
23:23 Bow Saw
25:42 Heavy Plow
27:18 Bodkin Arrow
30:38 Gold Shaft Mining
29:54 Stone Mining
31:29 Wheelbarrow
32:16 Leather Archer Armor
34:56 Bloodlines
34:47 Husbandry
39:41 Imperial Age
39:43 Hand Cart
39:13 Town Watch
39:33 Scale Mail Armor
39:43 Forging
39:48 Elite Elephant Archer
41:38 Bracer
42:47 Chemistry
43:56 Conscription
45:02 Ballistics
44:38 Murder Holes
45:46 Ring Archer Armor
48:14 Pikeman
48:54 Squires
49:49 Halberdier
52:34 Paiks
53:53 Arson
55:24 Chain Mail Armor
55:44 Iron Casting
57:48 Elite Skirmisher
61:22 Two-Man Saw
Darksun
8:55 Loom
10:40 Feudal Age
9:02 Loom
14:08 Double-Bit Axe
16:56 Scale Barding Armor
18:12 Forging
25:34 Castle Age
26:23 Husbandry
27:33 Wheelbarrow
30:16 Chain Barding Armor
38:14 Hand Cart
43:36 Fletching
44:22 Iron Casting
44:39 Gold Mining
47:57 Imperial Age
48:05 Cavalier
52:06 Plate Barding Armor
53:51 Gold Shaft Mining
53:57 Squires
55:14 Bow Saw
55:20 Pikeman
56:05 Scale Mail Armor
57:09 Conscription
57:14 Paladin
58:07 Caravan
Ypsilon
9:15 Feudal Age
7:35 Loom
10:00 Double-Bit Axe
15:21 Fletching
15:59 Padded Archer Armor
22:20 Castle Age
21:43 Wheelbarrow
22:46 Crossbowman
23:32 Thumb Ring
25:07 Hand Cart
27:46 Bow Saw
28:43 Bodkin Arrow
30:33 Leather Archer Armor
36:29 Ballistics
45:40 Horse Collar
49:25 Heavy Plow
49:06 Elite Skirmisher
50:21 Scale Mail Armor
50:31 Forging
51:41 Squires
52:46 Chain Mail Armor
53:07 Iron Casting
55:34 Iron Casting
56:33 Masonry
60:14 Caravan
63:03 Imperial Age
62:31 Arson
63:16 Halberdier
64:00 Bracer
65:03 Chemistry
64:47 Man-at-Arms
64:51 Arbalester
66:52 Plate Mail Armor
70:56 Gold Mining
70:56 Stone Mining
Akatsukireiha
0:27 Loom
11:02 Feudal Age
13:04 Bloodlines
13:11 Forging
13:07 Scale Barding Armor
15:33 Wheelbarrow
22:10 Town Watch
27:36 Castle Age
26:08 Double-Bit Axe
27:52 Gold Mining
27:52 Stone Mining
28:29 Husbandry
30:06 Iron Casting
31:19 Stone Shaft Mining
31:34 Chain Barding Armor
42:06 Bow Saw
41:39 Horse Collar
42:11 Vendel Legacy
47:48 Imperial Age
45:41 Hand Cart
46:21 Town Patrol
47:32 Stone Shaft Mining
48:05 Cavalier
49:52 Blast Furnace
49:27 Plate Barding Armor
50:12 Blast Furnace
57:57 Caravan
58:24 Light Cavalry
59:31 Hussar
67:38 Conscription
Nonometeo
6:12 Loom
9:30 Feudal Age
9:39 Man-at-Arms
10:12 Double-Bit Axe
13:45 Arson
14:44 Horse Collar
23:24 Castle Age
21:37 Fletching
23:07 Scale Mail Armor
23:30 Stone Mining
24:14 Bodkin Arrow
24:18 Gold Mining
24:43 Bow Saw
25:28 Guard Tower
27:36 Murder Holes
29:27 Ballistics
31:06 Chain Mail Armor
31:15 Gambesons
31:37 Squires
32:37 Forging
33:29 Gambesons
33:35 Gambesons
41:37 Wheelbarrow
44:30 Heavy Plow
46:27 Padded Archer Armor
47:24 Leather Archer Armor
48:01 Iron Casting
48:39 Hand Cart
49:07 Town Watch
52:05 Leather Archer Armor
52:50 Gold Shaft Mining
52:47 Thumb Ring
52:18 Elite Skirmisher
58:30 Imperial Age
57:40 Masonry
59:15 Bracer
59:46 Ring Archer Armor
60:21 Chemistry
60:37 Plate Mail Armor
61:22 Elite Varangian Guard
67:42 Pikeman
69:58 Halberdier
72:13 Shield Wall
74:55 Conscription
75:26 Spies/Treason
Mignon
7:44 Loom
10:51 Feudal Age
11:46 Double-Bit Axe
16:03 Fletching
16:49 Padded Archer Armor
20:30 Horse Collar
21:28 Wheelbarrow
25:15 Castle Age
23:01 Town Watch
25:25 Crossbowman
26:11 Thumb Ring
25:27 Elite Skirmisher
26:57 Bow Saw
26:57 Bodkin Arrow
27:21 Gold Mining
29:16 Hand Cart
31:29 Gold Shaft Mining
32:55 Leather Archer Armor
32:53 Stone Mining
34:40 Ballistics
35:23 Masonry
39:02 Stone Shaft Mining
41:11 Imperial Age
38:51 Town Patrol
41:25 Arbalester
43:57 Chemistry
43:29 Architecture
43:19 Bracer
49:09 Conscription
50:27 Ring Archer Armor
67:58 Siege Engineers
75:48 Spies/Treason
Cordulegaster
7:04 Loom
9:27 Feudal Age
9:59 Double-Bit Axe
15:23 Scale Barding Armor
15:29 Forging
19:13 Town Watch
20:17 Scale Mail Armor
21:57 Wheelbarrow
21:25 Horse Collar
25:00 Castle Age
23:32 Gold Mining
24:05 Bloodlines
25:02 Light Cavalry
25:43 Husbandry
26:22 Bow Saw
28:39 Iron Casting
29:18 Gold Shaft Mining
31:54 Heavy Plow
31:48 Stone Mining
33:10 Chain Barding Armor
34:08 Town Patrol
34:37 Hand Cart
34:36 Fletching
36:12 Chain Mail Armor
35:53 Bodkin Arrow
39:50 Imperial Age
37:56 Stirrups
40:36 Stone Shaft Mining
40:59 Cavalier
41:02 Hussar
42:08 Conscription
42:44 Plate Barding Armor
43:36 Blast Furnace
44:46 Pikeman
45:27 Squires
45:36 Halberdier
46:48 Plate Mail Armor
47:15 Crop Rotation
50:38 Arson
50:32 Elite Konnik
51:02 Capped Ram
51:52 Siege Ram
54:38 Gambesons
54:57 Bagains
70:54 Bracer
75:40 Spies/Treason
77:59 Caravan
78:29 Coinage
Thelion_AOE
6:06 Loom
8:51 Feudal Age
9:30 Double-Bit Axe
9:26 Horse Collar
13:21 Bloodlines
15:01 Scale Barding Armor
15:49 Forging
19:13 Wheelbarrow
21:54 Castle Age
21:58 Light Cavalry
23:01 Chain Barding Armor
22:46 Husbandry
23:48 Bow Saw
25:12 Gold Mining
26:13 Hand Cart
30:43 Heavy Plow
31:25 Town Watch
31:19 Vendel Legacy
36:38 Iron Casting
42:48 Imperial Age
42:17 Stone Mining
44:08 Plate Barding Armor
43:01 Cavalier
44:24 Conscription
46:17 Town Patrol
46:54 Hussar
51:57 Blast Furnace
56:48 Two-Man Saw
56:19 Crop Rotation
59:20 Gothikon
60:04 Squires
59:50 Arson
60:52 Scale Mail Armor
61:30 Elite Varangian Guard
63:02 Chain Mail Armor
64:16 Plate Mail Armor
68:57 Fletching
70:10 Chemistry
69:31 Ballistics
71:01 Stone Shaft Mining
70:29 Gambesons
71:36 Bodkin Arrow
71:39 Murder Holes
73:31 Elite Jarl
76:19 Spies/Treason
77:29 Masonry
77:22 Atonement
77:33 Fervor
78:33 Illumination
78:41 Architecture
78:20 Siege Engineers
Connection lost

Rejoining the realm…

Still unreachable

The connection could not be restored.

Session expired

The server has moved on; the page needs a fresh start.